 Dungeon Crawl Stone Soup version 0.23.2-1-ga50397a (webtiles) character file.

Game seed: 2948573347295528584

606 eccles the Conjurer (level 7, -3/49 HPs)
             Began as a Human Conjurer on May 3, 2019.
             Shot with an arrow by a centaur (4 damage)
             ... on level 4 of the Dungeon.
             The game lasted 00:25:31 (3882 turns).

eccles the Conjurer (Human Conjurer)                Turns: 3882, Time: 00:25:32

Health: -3/49      AC:  6    Str:  9    XL:     7   Next: 71%
Magic:  2/13       EV: 12    Int: 16    God:
Gold:   106        SH:  0    Dex: 14    Spells: 11/14 levels left

rFire    . . .     SeeInvis .   m - +3 dagger (flame)
rCold    . . .     Gourm    .   (no shield)
rNeg     . . .     Faith    .   w - +3 leather armour {MR+}
rPois    .         Spirit   .   (no helmet)
rElec    .         Reflect  .   (no cloak)
rCorr    .         Harm     .   (no gloves)
MR       +....                  (no boots)
Stlth    ++........             (no amulet)
HPRegen  0.16/turn              k - ring of wizardry
MPRegen  0.13/turn              r - +5 ring of slaying

@: very slightly contaminated
A: no striking features
a: no special abilities


You were on level 4 of the Dungeon.
You were not hungry.

You visited 1 branch of the dungeon, and saw 4 of its levels.

You collected 106 gold pieces.

Inventory:

Hand Weapons
 e - a +0 mace
 m - a +3 dagger of flaming (weapon)
Missiles
 j - 6 tomahawks (quivered)
Armour
 a - a +1 robe
 s - a +0 leather armour
 w - a +3 leather armour of magic resistance (worn)
Jewellery
 k - a ring of wizardry (left hand)
 r - a +5 ring of slaying (right hand)
 x - an uncursed ring of teleportation
Scrolls
 d - 3 scrolls of teleportation
 f - a scroll of amnesia
 g - 2 scrolls of enchant armour
 h - 2 scrolls of magic mapping
 i - 2 scrolls of remove curse
 n - a scroll of random uselessness
 o - a scroll of blinking
 t - a scroll of immolation {unknown}
Potions
 b - a potion of berserk rage
 l - a potion of magic {unknown}
 p - a potion of lignification {unknown}
 q - a potion of curing {unknown}
 u - a potion of ambrosia {unknown}
 v - a potion of agility {unknown}
 z - a potion of heal wounds {unknown}
Comestibles
 c - 8 rations


   Skills:
 * Level 1.9 Fighting
 + Level 1.2 Short Blades
 + Level 0.1 Maces & Flails
 + Level 2.3 Armour
 * Level 3.0 Dodging
 + Level 2.3 Stealth
 * Level 4.1 Spellcasting
 * Level 6.0 Conjurations


You had 11 spell levels left.
You knew the following spells:

 Your Spells              Type           Power        Failure   Level  Hunger
a - Magic Dart            Conj           ###.         1%          1    None
b - Searing Ray           Conj           ###...       1%          2    ##.....

Your spell library contained the following spells:

 Spells                   Type           Power        Failure   Level  Hunger
 Dazzling Spray           Conj/Hex       ##....       8%          3    ###....
 Iskenderun's Mystic Bla  Conj           ###.....     8%          4    ####...
 Force Lance              Conj/Tloc      ##......     26%         4    ####...
 Fulminant Prism          Conj/Hex       ##........   26%         4    ####...


Dungeon Overview and Level Annotations

Branches:
Dungeon (4/15)
 Temple: D:4-7

Altars:
Fedhas
Qazlal
Uskayaw
Xom


Message History

Nothing appears to happen.
The centaur shoots an arrow.
The arrow hits you.
* * * LOW HITPOINT WARNING * * *
Casting: Magic Dart (safe; 1% risk of failure)
Confirm with . or Enter, or press ? or * to list all spells.
Aiming: Searing Ray (safe; 1% risk of failure)
Press: ? - help, Shift-Dir - straight line, f/p - centaur
Aim: a centaur, wielding a +0 shortbow (severely wounded)
The searing ray hits the centaur.
The centaur is almost dead. (Press . to maintain the ray.)
The centaur shoots an arrow.
The arrow hits you!
* * * LOW HITPOINT WARNING * * *
The searing ray hits the centaur but does no damage.
The centaur is almost dead.
The centaur shoots an arrow.
The arrow hits you but does no damage.
The searing ray misses the centaur.
The centaur shoots an arrow.
The arrow hits you.
* * * LOW HITPOINT WARNING * * *
The centaur shoots an arrow.
The arrow hits you.
You die...

.. .. ############.. ...
##........#...###s..
#.........#.........
#.........#.........#
#.........#..s......+ .#
##..###..###.c# #...# .# .
###..###..###(.###...# .# ..
#....'.........@.....####'##..
#....#......≈≈≈...........'...
#....#......≈)≈...........#
#....#......≈≈≈...........######
#....#...............##...##...#
##...##...##....#....##...##....
##...#######...##....#..........
#.........+..........#..........
#.........#..........#..........


You could see a centaur and a giant cockroach.

Vanquished Creatures
  Sigmund (D:4)
  An ogre (D:4)
  4 orc wizards
  2 bullfrog skeletons (D:4)
  A worker ant (D:3)
  An iguana (D:4)
  4 gnolls (D:4)
  A howler monkey skeleton (D:4)
  3 adders
  A worm (D:4)
  A dart slug (D:3)
  3 leopard geckos
  13 orcs
  2 ball pythons
  A giant cockroach (D:3)
  7 goblins
  4 hobgoblins
  4 jackals
  5 kobolds
  3 bats
  4 frilled lizards
  6 rats
72 creatures vanquished.

Vanquished Creatures (others)
  An ogre (D:4)
1 creature vanquished.

Grand Total: 73 creatures vanquished

Notes
Turn   | Place    | Note
-------+----------+-------------------------------------------
     0 | D:1      | eccles the Human Conjurer began the quest for the Orb.
     0 | D:1      | Reached XP level 1. HP: 13/13 MP: 3/3
   191 | D:1      | Reached XP level 2. HP: 19/19 MP: 0/5
   198 | D:1      | Learned a level 2 spell: Searing Ray
  1274 | D:2      | Reached XP level 3. HP: 24/24 MP: 1/6
  1710 | D:3      | Found a hide-covered altar of Uskayaw.
  1799 | D:3      | Reached XP level 4. HP: 24/31 MP: 1/7
  2047 | D:3      | Reached skill level 1 in Fighting
  2134 | D:3      | Found a stormy altar of Qazlal.
  2191 | D:3      | Reached skill level 5 in Conjurations
  2233 | D:3      | Reached XP level 5. HP: 37/37 MP: 2/9
  2462 | D:4      | Killed an ogre
  2590 | D:3      | Reached XP level 6. HP: 24/43 MP: 3/11
  2745 | D:4      | Found a shimmering altar of Xom.
  2830 | D:4      | Reached skill level 1 in Armour
  2957 | D:4      | Found a blossoming altar of Fedhas.
  2968 | D:4      | Noticed an ogre
  2977 | D:4      | Killed an ogre
  2977 | D:4      | Reached skill level 1 in Short Blades
  2977 | D:4      | Reached XP level 7. HP: 48/48 MP: 4/12
  3340 | D:4      | Noticed Sigmund
  3351 | D:4      | Killed Sigmund
  3351 | D:4      | Reached skill level 6 in Conjurations
  3882 | D:4      | HP: 1/49 [centaur/arrow (2)]
  3882 | D:4      | Shot with an arrow by a centaur

Skill      XL: |  1  2  3  4  5  6  7 |
---------------+----------------------+-----
Fighting       | 1 |  1.9
Spellcasting   | 3 4 |  4.1
Conjurations   | 5 6 |  6.0
Armour         | 2 |  2.3
Short Blades   | 1 |  1.2
Dodging        | 3 |  3.0
Maces & Flails | |  0.1
Stealth        | |  2.3

Action                   |  1- 3 |  4- 6 |  7- 9 || total
-------------------------+-------+-------+-------++-------
Melee: Unarmed           |     1 |       |       ||     1
       Dagger            |    14 |    20 |     5 ||    39
       Mace              |     1 |       |       ||     1
 Cast: Magic Dart        |    50 |    81 |    13 ||   144
       Searing Ray       |     3 |     2 |     6 ||    11
  Use: Scroll            |     5 |     3 |     1 ||     9
       Potion            |       |       |     1 ||     1
  Eat: Chunk             |     3 |     5 |     2 ||    10
       Ration            |       |       |     1 ||     1
Armor: Robe              |     9 |       |       ||     9
       Leather armour    |     2 |    22 |     4 ||    28
Dodge: Dodged            |    31 |    39 |    15 ||    85
